AoeStats
← Luca

Black Forest

508944552Analyzed
3v3 RM · 9d ago on Sep 24, 2026· 33m 10s· 6 players
Game mode
Random Map
Map size
Normal (6 player)
Population
200
Speed
Normal
Resources
Standard
Victory
Conquest
Starting age
Dark Age
Ending age
Imperial Age
RankedLock teamsTeams togetherTeam positionsShared explorationLock speedFull tech treeHidden civsTurbo modeCheats
Victory
Defeat
🇩🇪 Danes · Germany
1579
+13
🇩🇪 Gurjaras · Germany
1548
+14
🇩🇪 Bohemians · Germany
1424
+19
🇩🇪 Danes · Germany
1613
-20
🇩🇪 Varangians · Germany
1544
-17
🇦🇹 Saxons · Austria
1339
-9
Luca
1:08 Loom
11:23 Feudal Age
15:20 Castle Age
13:51 Double-Bit Axe
13:51 Horse Collar
16:40 Bow Saw
16:42 Heavy Plow
24:48 Wheelbarrow
24:15 Fishing Lines
25:30 Gillnets
26:34 Stone Mining
28:43 Hand Cart
28:13 Town Watch
29:27 Padded Archer Armor
29:17 Fletching
30:43 Thumb Ring
30:35 Bodkin Arrow
30:55 Leather Archer Armor
33:46 Imperial Age
33:12 Scale Mail Armor
33:23 Forging
leon.r
11:17 Feudal Age
15:41 Castle Age
14:11 Double-Bit Axe
19:13 Scale Mail Armor
21:09 Chain Mail Armor
21:33 Loom
23:03 Forging
25:54 Squires
33:05 Horse Collar
low_eco_legends
1:03 Loom
12:43 Feudal Age
16:50 Man-at-Arms
24:29 Double-Bit Axe
31:44 Wheelbarrow
34:18 Castle Age
chrizbee
9:52 Feudal Age
8:08 Loom
13:34 Castle Age
11:22 Double-Bit Axe
11:40 Horse Collar
14:36 Bow Saw
14:42 Scale Barding Armor
14:40 Gold Mining
26:18 Town Watch
27:15 Wheelbarrow
27:13 Heavy Plow
27:05 Stone Mining
29:51 Stone Shaft Mining
29:53 Gold Shaft Mining
29:54 Scale Mail Armor
30:50 Hand Cart
33:19 Imperial Age
31:43 Arson
33:19 Chain Mail Armor
LM | Lenni
0:56 Loom
9:28 Feudal Age
9:31 Man-at-Arms
9:58 Arson
10:40 Double-Bit Axe
14:05 Horse Collar
20:36 Wheelbarrow
22:57 Castle Age
22:49 Fletching
23:58 Bodkin Arrow
27:55 Padded Archer Armor
28:23 Bow Saw
29:18 Ballistics
canttouchme
0:31 Loom
12:08 Feudal Age
13:02 Double-Bit Axe
16:24 Castle Age
15:09 Horse Collar
17:26 Bow Saw
21:04 Wheelbarrow
20:21 Fishing Lines
22:31 Wheelbarrow
23:29 Hand Cart
23:05 Town Watch
23:49 Scale Mail Armor
27:33 Imperial Age
26:40 Chemistry
26:53 Pikeman
27:34 Squires
28:00 Scale Mail Armor
28:56 Chain Mail Armor
28:45 Halberdier
29:16 Horse Collar
30:59 Hand Cart
32:26 Plate Mail Armor
Connection lost

Rejoining the realm…

Still unreachable

The connection could not be restored.

Session expired

The server has moved on; the page needs a fresh start.